 Dungeon Crawl Stone Soup version 0.25-a0-474-ga8a2ee3166 (webtiles) character file.

Game seed: 15950575155283769820, levelgen mode: deterministic

1054 HYDRVS the Ruffian (level 8, 0/78 HPs)
             Began as a Troll Monk on Feb 6, 2020.
             Slain by a slave (4 damage)
             ... led by Pikel
             ... on level 5 of the Dungeon.
             The game lasted 00:12:52 (3233 turns).

HYDRVS the Ruffian (Troll Monk)                     Turns: 3233, Time: 00:12:52

Health: 0/78       AC:  9    Str: 20    XL:     8   Next: 5%
Magic:  7/7        EV: 11    Int:  8    God:
Gold:   321        SH:  0    Dex: 12    Spells: 7/7 levels left

rFire    + . .     SeeInvis .     - Unarmed
rCold    + . .     Gourm    +   (no shield)
rNeg     . . .     Faith    .   a - +0 robe
rPois    .         Spirit   .   (helmet restricted)
rElec    .         Reflect  .   n - scarf {rC+ rF+}
rCorr    .         Harm     .   (gloves unavailable)
MR       .....                  (boots unavailable)
Stlth    ++........             (no amulet)
HPRegen  0.63/turn              o - +3 ring of protection
MPRegen  0.10/turn              (no ring)

@: no status effects
A: large, unfitting armour, claws 3, fast metabolism 3, gourmand, regeneration
1, shaggy fur 1, tough skin 3
a: no special abilities


You were on level 5 of the Dungeon.
You were full.

You visited 2 branches of the dungeon, and saw 6 of its levels.

You collected 321 gold pieces.

Inventory:

Hand Weapons
 r - a +0 giant spiked club
Armour
 a - a +0 robe (worn)
 f - a scarf of spirit shield
 n - a scarf of resistance (worn)
Jewellery
 o - a +3 ring of protection (left claw)
Scrolls
 c - a scroll of blinking {unknown}
 e - 3 scrolls of remove curse {unknown}
 i - 4 scrolls of identify {unknown}
 k - a scroll of magic mapping {unknown}
 l - a scroll of immolation {unknown}
 m - a scroll of random uselessness {unknown}
 s - a scroll of fog {unknown}
 t - a scroll of noise {unknown}
 w - a scroll of amnesia {unknown}
Potions
 d - a potion of agility {unknown}
 g - a potion of flight {unknown}
 h - 2 potions of degeneration {unknown}
 j - 3 potions of brilliance {unknown}
 p - a potion of lignification {unknown}
 q - 4 potions of curing {unknown}
 u - a potion of invisibility {unknown}
 v - a potion of mutation {unknown}
Comestibles
 b - 6 rations


   Skills:
 + Level 4.2 Fighting
 + Level 3.2 Armour
 + Level 4.2 Dodging
 - Level 1.0 Stealth
 * Level 6.7 Unarmed Combat


You had 7 spell levels left.
You didn't know any spells.
Your spell library was empty.

Dungeon Overview and Level Annotations

Branches:
Dungeon (5/15)             Temple (1/1) D:4

Altars:
Ashenzari
Cheibriados
Dithmenos
Elyvilon
Fedhas
Hepliaklqana
Nemelex Xobeh
Qazlal
Ru
Sif Muna
Trog
Uskayaw
Wu Jian
Xom
Yredelemnul
Zin
The Shining One
Lugonu

Annotations:
D:5 Pikel


Innate Abilities, Weirdness & Mutations

You are too large for most types of armour.
You have claws for hands.
Your metabolism is lightning-fast.
You like to eat raw meat.
Your natural rate of healing is unusually fast.
You are covered in fur. (AC +1)
You have extremely tough skin. (AC +3)


Message History

Pikel is heavily wounded.
Pikel hits you with a +0 whip of flaming.
The slave hits you. The slave closely misses you. The slave hits you.
You claw Pikel!
Pikel is almost dead.
The slave hits you!
* * * LOW HITPOINT WARNING * * *
Pikel hits you but does no damage. The slave barely misses you. x2
The slave closely misses you.
You closely miss Pikel.
Pikel is almost dead.
The slave hits you!
* * * LOW HITPOINT WARNING * * *
Pikel hits you but does no damage.
You barely miss Pikel.
Pikel is almost dead.
The slave hits you!
* * * LOW HITPOINT WARNING * * *
The slave hits you.
You die...

#. #. #. #.
#####.####
#........#
##....pKp.#####
.......@p.....#
##......p.###.#
...>....†...#.#
####.#.#.#..#.####
.................
###.#.#.#..#.###
#.#.#.#..#.# #
#.#.#..#.#
#.##...#


You could see Pikel and 4 slaves.

Vanquished Creatures
  Eustachio (D:4)
  Duvessa (D:4)
  An ice beast (D:5)
  2 ogres (D:4)
  Blork the orc (D:4)
  Dowan (D:4)
  2 howler monkeys (D:4)
  A crimson imp (D:4)
  An orc priest (D:4)
  A centaur skeleton (D:4)
  A hound (D:4)
  An orc wizard (D:4)
  3 worker ants (D:4)
  Robin (D:2)
  5 adders
  A dart slug (D:1)
  2 leopard geckos
  10 orcs
  4 bats
  A giant cockroach (D:2)
  9 goblins
  9 hobgoblins
  6 kobolds (D:1)
  A quokka (D:2)
  5 frilled lizards
  A goblin zombie (D:4)
  A hobgoblin zombie (D:4)
  2 kobold skeletons (D:4)
  2 kobold zombies (D:4)
  A leopard gecko skeleton (D:5)
  3 rats (D:1)
  A demonic plant (Temple)
82 creatures vanquished.

Vanquished Creatures (others)
  A frilled lizard (D:4)
1 creature vanquished.

Grand Total: 83 creatures vanquished

Notes
Turn   | Place    | Note
-------+----------+-------------------------------------------
     0 | D:1      | HYDRVS the Troll Monk began the quest for the Orb.
     0 | D:1      | Reached XP level 1. HP: 22/22 MP: 0/0
   246 | D:1      | Reached XP level 2. HP: 29/29 MP: 1/1
   739 | D:1      | Reached XP level 3. HP: 36/36 MP: 2/2
   978 | D:2      | Reached skill level 1 in Armour
   996 | D:2      | Noticed Robin
  1005 | D:2      | Killed Robin
  1015 | D:2      | Reached XP level 4. HP: 40/44 MP: 3/3
  1381 | D:2      | Found a faded altar of an unknown god.
  1765 | D:3      | Reached skill level 4 in Unarmed Combat
  1924 | D:3      | Found a blossoming altar of Fedhas.
  2183 | D:4      | Noticed an ogre
  2186 | D:4      | Killed an ogre
  2186 | D:4      | Reached XP level 5. HP: 39/53 MP: 4/4
  2210 | D:4      | Found a staircase to the Ecumenical Temple.
  2221 | Temple   | Entered the Ecumenical Temple
  2372 | D:4      | Found a glowing golden altar of the Shining One.
  2375 | D:4      | Noticed Eustachio
  2388 | D:4      | Reached XP level 6. HP: 46/61 MP: 5/5
  2396 | D:4      | Killed Eustachio
  2396 | D:4      | Reached skill level 5 in Unarmed Combat
  2431 | D:4      | Noticed Blork the orc
  2434 | D:4      | Reached XP level 7. HP: 66/67 MP: 6/6
  2442 | D:4      | Killed Blork the orc
  2595 | D:4      | Noticed Dowan
  2595 | D:4      | Noticed Duvessa
  2611 | D:4      | Killed Duvessa
  2611 | D:4      | Reached skill level 6 in Unarmed Combat
  2619 | D:4      | HP: 3/68 [Dowan/stone arrow (18)]
  2620 | D:4      | Killed Dowan
  3125 | D:5      | Entered Level 5 of the Dungeon
  3125 | D:5      | Found a bloodstained altar of Trog.
  3125 | D:5      | Found a sacrificial altar of Ru.
  3125 | D:5      | Found a shattered altar of Ashenzari.
  3125 | D:5      | Found a snail-covered altar of Cheibriados.
  3125 | D:5      | Found a shimmering altar of Xom.
  3128 | D:5      | Found a hide-covered altar of Uskayaw.
  3129 | D:5      | Found an ornate altar of the Wu Jian Council.
  3146 | D:5      | Reached XP level 8. HP: 70/78 MP: 7/7
  3208 | D:5      | Noticed Pikel
  3233 | D:5      | Slain by a slave

Levels and vault maps discovered:
D:1:      minmay_arrival_shoal_huts, layout_loops_corners
D:2:      layout_loops_corners, chequers_ecumenical_altar_simple_redux,
          uniq_robin
D:3:      layout_loops_ring, fedhas_altar_3
D:4:      layout_rooms, nicolae_tso_besieged_by_evil,
          minmay_temple_entry_arrows, minivault_24, lemuel_flame_loot_1,
          uniq_blork_the_orc, uniq_duvessa, uniq_eustachio
D:5:      layout_basic, minitemple, first_ration, nrook_mini_backslash,
          kennysheep_pointless_box, minmay_a_box_with_orc_wizards_in_it,
          uniq_pikel
Temple:   corrupted_temple

Skill      XL: |  1  2  3  4  5  6  7 |
---------------+----------------------+-----
Armour         | 1 2 3 |  3.2
Unarmed Combat | 4 5 6 |  6.7
Fighting       | 3 4 |  4.2
Dodging        | 3 4 |  4.2
Stealth        | |  1.0

Action                   |  1- 3 |  4- 6 |  7- 9 || total
-------------------------+-------+-------+-------++-------
Melee: Unarmed           |   110 |   110 |    96 ||   316
       Punch             |     1 |     1 |     1 ||     3
Throw: Stone             |     2 |       |       ||     2
 Stab: Sleeping          |     3 |     3 |       ||     6
  Eat: Chunk             |    14 |    13 |     4 ||    31
Armor: Robe              |    55 |    39 |    41 ||   135
Dodge: Dodged            |    68 |    48 |    65 ||   181

Table legend:
 A = Non-vault XP
 B = Vault XP
 C = Vault XP percentage of total XP
 D = Non-vault monster count
 E = Vault monster count
 F = Vault count percentage of total count
                 A         B        C        D         E       F
            +---------+---------+-------+---------+---------+-------
      Total |     889 |     618 |  41.0 |      62 |      19 |  23.5
            +---------+---------+-------+---------+---------+-------
        D:1 |      41 |       0 |   0.0 |      25 |       0 |   0.0
        D:2 |      51 |      27 |  34.6 |       8 |       8 |  50.0
        D:3 |      31 |       0 |   0.0 |      12 |       0 |   0.0
        D:4 |     620 |     591 |  48.8 |      14 |      11 |  44.0
        D:5 |     146 |       0 |   0.0 |       3 |       0 |   0.0
            +---------+---------+-------+---------+---------+-------
